 Dungeon Crawl Stone Soup version 0.30-a0-743-gbfdf073431 (webtiles) character file.

Game seed: 9714620892713743125

2259 BigDaddyOpFi the Priest (level 9, -11/79 HPs)
             Began as a Hill Orc Fighter on Feb 7, 2023.
             Was a Believer of Beogh.
             Shot with a sling bullet by Joseph (19 damage)
             ... on level 7 of the Dungeon.
             The game lasted 00:06:32 (6219 turns).

BigDaddyOpFi the Priest (Hill Orc Fighter)          Turns: 6219, Time: 00:06:33

Health: -11/79     AC: 17    Str: 23    XL:     9   Next: 38%
Magic:  14/14      EV: 10    Int:  8    God:    Beogh [**....]
Gold:   429        SH:  5    Dex: 10    Spells: 8/8 levels left

rFire   . . .      SeeInvis .    a - +0 war axe (protect)
rCold   + . .      Faith    .    c - +0 buckler
rNeg    + . .      Spirit   .    w - +0 ring mail "Volusixo" {rElec rC+ Slay+3}
rPois   .          Reflect  .    (no helmet)
rElec   +          Harm     +    r - scarf {harm}
rCorr   .          Rampage  .    k - +0 pair of gloves
Will    .....                    o - +1 pair of boots Stlth
                                 (no amulet)
HPRegen 0.33/turn                g - ring of positive energy
MPRegen 0.14/turn                (no ring)

@: under a protective aura, hasted, very quick
A: no striking features
a: Renounce Religion, Smiting


You were on level 7 of the Dungeon.
You worshipped Beogh.
Beogh was pleased with you.
You visited 1 branch of the dungeon, and saw 7 of its levels.

You collected 429 gold pieces.

Inventory:

Hand Weapons
 a - a +0 war axe of protection (weapon)
Missiles
 f - a throwing net (quivered)
Armour
 c - a +0 buckler (worn)
 k - a +0 pair of gloves (worn)
 o - a +1 pair of boots (worn)
 q - a +0 chain mail
 r - a scarf of harm (worn)
 w - the +0 ring mail "Volusixo" (worn) {rElec rC+ Slay+3}
   (You found it on level 7 of the Dungeon)

   Slay:      It affects your accuracy & damage with ranged weapons and melee
   (+3).
   rC:        It protects you from cold.
   rElec:     It insulates you from electricity.
Jewellery
 g - a ring of positive energy (left hand)
 v - a ring of see invisible
Wands
 x - a wand of flame (18)
 y - a wand of roots (14)
Scrolls
 b - 4 scrolls of magic mapping {unknown}
 d - 5 scrolls of identify
 e - 10 scrolls of teleportation {unknown}
 h - a scroll of enchant weapon {unknown}
 i - a scroll of silence
 l - 2 scrolls of amnesia
 n - 2 scrolls of blinking
 p - 2 scrolls of poison {unknown}
 s - 2 scrolls of fog {unknown}
Potions
 j - a potion of haste
 t - a potion of brilliance
 u - a potion of degeneration {unknown}
 z - 2 potions of flight {unknown}
 A - 2 potions of resistance {unknown}


   Skills:
 + Level 7.2 Fighting
 + Level 7.3 Axes
 + Level 6.7 Armour
 + Level 6.7 Shields
 * Level 7.9 Invocations


You had 8 spell levels left.
You didn't know any spells.
Your spell library contained the following spells:

 Spells                   Type           Power      Damage    Failure   Level
 Magic Dart               Conj           0%         1d3       63%         1
 Necrotise                Necr           0%         1d4       63%         1
 Call Imp                 Summ           0%         N/A       77%         2
 Mephitic Cloud           Conj/Pois/Air  0%         N/A       94%         3
 Vampiric Draining        Necr           0%         2d6       94%         3
 Agony                    Necr           0%         N/A       100%        5


Dungeon Overview and Level Annotations

Branches:
Dungeon (7/15)             Temple (0/1) D:7

Altars:
Fedhas
Gozag
Qazlal
Ru
Uskayaw
Wu Jian
Xom
Yredelemnul

Shops:
D:4 *   D:7 [

Portals:
Abyss: D:6

Annotations:
D:6 2 transporters, Valagong's ghost, novice MiFi
D:7 1 runed translucent door, Crazy Yiuf; Joseph


Message History

Joseph hits you with a +0 quarterstaff.
* * * LOW HITPOINT WARNING * * *
You feel better.
You hit Joseph.
Joseph is lightly wounded.
Joseph hits you with a +0 quarterstaff.
You slash Joseph!
Joseph is moderately wounded.
Joseph barely misses you.
You hit Joseph.
Joseph is moderately wounded.
Joseph hits you but does no damage.
You slash Joseph!
Joseph is heavily wounded.
You barely miss Joseph.
Joseph is heavily wounded.
Joseph hits you with a +0 quarterstaff.
You barely miss Joseph.
Joseph is heavily wounded.
Joseph hits you with a +0 quarterstaff.
You slash Joseph!
Joseph is severely wounded.
Joseph hits you with a +0 quarterstaff!
* * * LOW HITPOINT WARNING * * *
You feel better.
You hit Joseph but do no damage.
Joseph is severely wounded.
Joseph hits you with a +0 quarterstaff.
* * * LOW HITPOINT WARNING * * *
You barely miss Joseph.
Joseph is severely wounded.
Joseph hits you with a +0 quarterstaff.
* * * LOW HITPOINT WARNING * * *
You hit Joseph but do no damage.
Joseph is severely wounded.
Joseph hits you with a +0 quarterstaff!
* * * LOW HITPOINT WARNING * * *
Joseph unwields a +0 quarterstaff.
Joseph wields a +0 sling.
Joseph shoots a sling bullet.
The sling bullet hits you!
You die...

# # #. .# .#####.#
# ......#
#.####...#.####
....#..@......# #
#........##.##.#
#.#.............
#....>@....##.##
###
###.#.........#
#.. #......#.####
#.# ###.#.##.#
####<# #. #.#.##.#
#.)... .#.#
#......# ####)##..
...# ##...###
#....##.. #..##
#...######.#.)#...
....
#........._...#.#.


You could see Joseph.

Vanquished Creatures
  Grinder (D:6)
  Prince Ribbit (D:6)
  An orc warrior (D:6)
  2 ice beasts
  A sky beast (D:7)
  A centaur (D:6)
  A phantom (D:4)
  Blork the orc (D:5)
  2 bullfrogs (D:7)
  3 scorpions
  2 howler monkeys (D:6)
  2 gnoll boudas
  2 hounds
  4 jellies
  3 orc priests
  7 iguanas
  3 orc wizards
  8 gnolls
  11 adders
  A shadow imp (D:6)
  4 dart slugs
  24 orcs
  13 endoplasms
  3 giant cockroaches
  7 hobgoblins
  6 jackals (D:1)
  3 quokkas
  13 ball pythons
  3 bats
  2 frilled lizards
  12 goblins
  2 kobolds
  8 rats
  A spectral goblin (D:2)
158 creatures vanquished.

Notes
Turn   | Place    | Note
-------+----------+-------------------------------------------
     0 | D:1      | BigDaddyOpFi the Hill Orc Fighter began the quest for the
                  | Orb.
     0 | D:1      | Reached XP level 1. HP: 19/19 MP: 1/1
    10 | D:1      | Noticed an ogre
   133 | D:1      | Reached XP level 2. HP: 21/27 MP: 2/2
   541 | D:1      | Reached XP level 3. HP: 25/33 MP: 3/3
   897 | D:2      | Found a faded altar of an unknown god.
   960 | D:2      | Reached XP level 4. HP: 16/40 MP: 4/4
  1703 | D:3      | Found a stormy altar of Qazlal.
  1943 | D:3      | Reached XP level 5. HP: 30/47 MP: 5/5
  2562 | D:4      | Noticed a phantom
  2584 | D:4      | Killed a phantom
  2585 | D:4      | Reached skill level 5 in Fighting
  2585 | D:4      | Reached XP level 6. HP: 54/56 MP: 6/6
  2662 | D:4      | Found Hagad's Elemental Accessories.
  2771 | D:4      | Found a hide-covered altar of Uskayaw.
  2774 | D:4      | Became a worshipper of Beogh the Brigand
  3200 | D:4      | Reached skill level 1 in Invocations
  3496 | D:5      | Entered Level 5 of the Dungeon
  3556 | D:5      | Found a shimmering altar of Xom.
  3565 | D:5      | Found an opulent altar of Gozag.
  3568 | D:5      | Noticed an ice beast
  3576 | D:5      | Killed an ice beast
  3577 | D:5      | Reached skill level 5 in Axes
  3577 | D:5      | Reached XP level 7. HP: 61/61 MP: 6/8
  3737 | D:5      | Found a basalt altar of Yredelemnul.
  3766 | D:5      | Reached skill level 5 in Armour
  3766 | D:5      | Reached skill level 5 in Shields
  3842 | D:5      | Noticed Blork the orc
  3851 | D:5      | Killed Blork the orc
  4058 | D:5      | Reached * piety under Beogh
  4125 | D:5      | Found a blossoming altar of Fedhas.
  4493 | D:6      | Noticed a hellwing
  4495 | D:6      | Found a one-way gate to the infinite horrors of the Abyss.
  4495 | D:6      | Noticed a small abomination
  4497 | D:6      | Noticed a small abomination
  4503 | D:6      | Noticed Valagong's ghost (novice MiFi)
  4510 | D:6      | Reached XP level 8. HP: 58/70 MP: 11/11
  4554 | D:6      | Found a transporter.
  4557 | D:6      | Found a transporter.
  4580 | D:6      | Noticed Prince Ribbit
  4589 | D:6      | Killed Prince Ribbit
  4590 | D:6      | Reached skill level 5 in Invocations
  5344 | D:6      | Noticed Grinder
  5354 | D:6      | Paralysed by Grinder for 5 turns
  5364 | D:6      | Killed Grinder
  5365 | D:6      | Reached XP level 9. HP: 66/78 MP: 12/14
  5610 | D:6      | Reached ** piety under Beogh
  5644 | D:7      | Identified the +0 ring mail "Volusixo" {rElec rC+ Slay+3}
  5738 | D:7      | Found a runed translucent door.
  5739 | D:7      | Noticed Crazy Yiuf
  5829 | D:7      | Found an ornate altar of the Wu Jian Council.
  6061 | D:7      | Found a staircase to the Ecumenical Temple.
  6131 | D:7      | Found a sacrificial altar of Ru.
  6159 | D:7      | Found Wiuduw's Armour Emporium.
  6196 | D:7      | Noticed Joseph
  6219 | D:7      | Shot with a sling bullet by Joseph

Illustrated notes

Levels and vault maps discovered:
D:1:      evilmike_arrival_come_back, layout_loops_ring, minmay_close_crescents
D:2:      layout_loops_ring, dreamdust_ecumenical_altar_drowned_temple
D:3:      minmay_skewed_foursquare, layout_loops_ring, lemuel_round_altar,
          small_statue_intersection
D:4:      layout_basic, eat_drink_and_be_merry_uskayaw, nicolae_elemental_shop,
          minmay_starry_boxes
D:5:      layout_rooms, overflow_temple_1_default, nicolae_gozag_seed_capital,
          fedhas_altar_4, kennysheep_little_box, minivault_24,
          uniq_blork_the_orc
D:6:      layout_gridville, gammafunk_ghost_abyssal_escape, uniq_grinder,
          uniq_prince_ribbit1
D:7:      layout_loops_cross, mainiacjoe_overflow_alcove_1,
          lemuel_crystal_altar, old_standard_altar, minmay_temple_entry_arrows,
          serial_shops, nicolae_lakefront_shop, uniq_joseph,
          uniq_crazy_yiuf_cottage

Skill      XL: |  1  2  3  4  5  6  7  8  9 |
---------------+----------------------------+-----
Axes           | 3 4 5 6 7 |  7.3
Fighting       | 4 5 6 7 |  7.2
Shields        | 4 5 6 |  6.7
Armour         | 4 5 6 |  6.7
Invocations    | 2 4 7 |  7.9

Action                     |  1- 3 |  4- 6 |  7- 9 || total
---------------------------+-------+-------+-------++-------
  Melee: War axe           |    83 |   169 |   219 ||   471
 Invoke: Convert to Beogh  |       |     1 |       ||     1
    Use: Scroll            |     4 |     2 |       ||     6
         Potion            |       |     2 |    10 ||    12
 Armour: Scale mail        |    29 |    86 |       ||   115
         Chain mail        |       |     6 |   122 ||   128
         Ring mail         |       |       |    41 ||    41
  Dodge: Dodged            |    39 |    75 |    98 ||   212
  Block: Buckler           |    24 |    30 |    55 ||   109

Table legend: (Time is in decaauts)
 A = Elapsed time spent in this place.
 B = Non-inter-level travel time spent in this place.
 C = Inter-level travel time spent in this place.
 D = Time resting spent in this place.
 E = Time spent auto-exploring this place.
 F = Levels seen in this place.
 G = Mean time per level.
                   A        B        C        D        E       F      G
               +--------+--------+--------+--------+--------+-----+--------+
         Total |   6327 |   6104 |    223 |    288 |   4665 |   7 |  903.9 |
       Dungeon |   6327 |   6104 |    223 |    288 |   4665 |   7 |  903.9 |
               +--------+--------+--------+--------+--------+-----+--------+

Top non-repeatable levels by time:
     D:6: 1221 daAuts
     D:4: 1026 daAuts
     D:5: 919 daAuts
     D:3: 865 daAuts
     D:2: 848 daAuts
     D:1: 841 daAuts
     D:7: 605 daAuts
